 Dungeon Crawl Stone Soup version 0.29-a0-275-g389c0b56f3 (webtiles) character file.

Game seed: 12965746257870129961

106 bande the Shield-Bearer (level 4, -1/29 HPs)
             Began as a Gargoyle Fighter on Mar 9, 2022.
             Slain by an orc
             ... wielding a +0 flail
              (8 damage)
             ... on level 3 of the Dungeon on Mar 10, 2022.
             The game lasted 00:03:04 (2413 turns).

bande the Shield-Bearer (Gargoyle Fighter)          Turns: 2413, Time: 00:03:04

Health: -1/29      AC: 14    Str: 20    XL:     4   Next: 84%
Magic:  4/4        EV:  9    Int:  8    God:
Gold:   125        SH:  4    Dex: 11    Spells: 3/3 levels left

rFire   . . .      SeeInvis .   a - +0 war axe
rCold   . . .      Faith    .   c - +0 buckler
rNeg    + . .      Spirit   .   b - +0 scale mail
rPois   ∞          Reflect  .   (no helmet)
rElec   +          Harm     .   j - +0 cloak
rCorr   .          Rampage  .   h - +1 pair of gloves
Will    .....                   (no boots)
Stlth   ..........              (no amulet)
HPRegen 0.09/turn               (no ring)
MPRegen 0.09/turn               (no ring)

@: no status effects
A: sickness immunity, AC +3, negative energy resistance 1, electricity
resistance, torment resistance 1, petrification resistance
a: no special abilities


You were on level 3 of the Dungeon.
You visited 1 branch of the dungeon, and saw 3 of its levels.

You collected 125 gold pieces.

Inventory:

Hand Weapons
 a - a +0 war axe (weapon)
Armour
 b - a +0 scale mail (worn)
 c - a +0 buckler (worn)
 e - a +2 cloak
 h - a +1 pair of gloves (worn)
 j - a +0 cloak (worn)
Potions
 d - a potion of might
 f - 2 potions of invisibility {unknown}
 g - 2 potions of mutation {unknown}
 i - a potion of degeneration {unknown}
 k - a potion of flight {unknown}
 l - 2 potions of curing {unknown}


   Skills:
 + Level 3.7 Fighting
 + Level 3.0 Axes
 + Level 4.0 Armour
 - Level 0.2 Stealth
 + Level 4.1 Shields


You had 3 spell levels left.
You didn't know any spells.
Your spell library was empty.

Dungeon Overview and Level Annotations

Branches:
Dungeon (3/15)

Altars:
Yredelemnul

Annotations:
D:3 1 runed translucent door


Innate Abilities, Weirdness & Mutations

You are immune to sickness and miasma.
Your stone body is resilient. (AC +3)
You are immune to poison.
You resist negative energy. (rN+)
You are resistant to electric shocks. (rElec)
You are resistant to unholy torment.
You are immune to petrification.


Message History

The orc priest calls upon Beogh to heal the orc.
The orc is healed somewhat.
Something hits you but does no damage. The orc barely misses you.
You hit the orc priest.
You kill the orc priest!
You miss something. You barely miss the orc. Something completely misses you.
You block the orc's attack. The orc barely misses you.
Your Axes skill increases to level 3!
Your Armour skill increases to level 4!
Unknown command.
You closely miss the orc. You closely miss something. You closely miss the orc.
Something completely misses you. The orc barely misses you.
The orc hits you but does no damage.
You hear some strange, mumbled words.
A puff of flame appears from out of thin air!
The puff of flame misses you.
You barely miss the orc. You miss something. You hit the orc but do no damage.
The orc misses you. The orc hits you with a +0 hand axe.
You hear some strange, mumbled words.
A puff of flame appears from out of thin air!
The puff of flame hits you. The orc hits you but does no damage.
Unknown command.
You hit the orc but do no damage. You closely miss the orc. You miss something.
You block the orc's attack. Something hits you. You block the orc's attack.
The orc hits you with a +0 hand axe. You block something's attack.
You slash the orc!
You kill the orc!
You slash the orc!
You kill the orc!
You hit something. Something hits you.
* * * LOW HITPOINT WARNING * * *
You barely miss the orc.
The orc is moderately wounded.
You closely miss something. The orc hits you but does no damage.
You hear a splashing noise.
Unknown command.
You hit the orc.
The orc is almost dead.
You miss something. You block the orc's attack.
Something hits you but does no damage. The orc hits you with a +0 flail!
You die...

#......###### #
####......# ####.
#......#..# .....
#......#..# ......
#......#..# ......
#......#..#####..(##.
#....).#..#..........
#......#..#.#.).....#
#.........#.#@{...≈.#
+......#.##.#o).....#
#......#.##.#.......#
######.#.##.#.......#
#.#.##.#.≈...≈.#
#.#.##.#.......#
#.#.##.##.....## #
#.#.##.###$⌠$## ###.#
#.##..#######


You could see an orc.

Vanquished Creatures
  An orc priest (D:3)
  An adder (D:2)
  A worm (D:2)
  A dart slug (D:2)
  5 orcs (D:3)
  6 endoplasms (D:1)
  3 giant cockroaches
  6 goblins
  3 hobgoblins
  5 jackals
  3 kobolds
  3 quokkas
  5 ball pythons
  2 bats (D:1)
  4 frilled lizards
  A goblin skeleton (D:3)
  3 rats
53 creatures vanquished.

Notes
Turn   | Place    | Note
-------+----------+-------------------------------------------
     0 | D:1      | bande the Gargoyle Fighter began the quest for the Orb.
     0 | D:1      | Reached XP level 1. HP: 14/14 MP: 1/1
   207 | D:1      | Reached XP level 2. HP: 19/19 MP: 2/2
   572 | D:1      | Reached XP level 3. HP: 11/23 MP: 3/3
  1759 | D:2      | Reached XP level 4. HP: 27/28 MP: 4/4
  2247 | D:3      | Found a runed translucent door.
  2250 | D:3      | Noticed a human
  2251 | D:3      | Found a basalt altar of Yredelemnul.
  2413 | D:3      | Slain by an orc

Illustrated notes

Levels and vault maps discovered:
D:1:      matt_arrival_grand_opening, layout_basic
D:2:      layout_rooms
D:3:      cheibrodos_pilgrimage, layout_basic, dk_yredelemnul_ordeal,
          nzn_hepliaklqana_mist_gate, shapermc_ecumenical_altar_mp_highgroup

Skill      XL: |  1  2  3  4 |
---------------+-------------+-----
Axes           | 2 3 |  3.0
Shields        | 4 |  4.1
Armour         | 4 |  4.0
Fighting       | |  3.7
Stealth        | |  0.2

Action                   |  1- 3 |  4- 6 || total
-------------------------+-------+-------++-------
Melee: War axe           |   114 |    47 ||   161
  Use: Scroll            |     1 |       ||     1
Armor: Scale mail        |    60 |    34 ||    94
Dodge: Dodged            |    55 |    22 ||    77
Block: Buckler           |    36 |    14 ||    50

Table legend: (Time is in decaauts)
 A = Elapsed time spent in this place.
 B = Non-inter-level travel time spent in this place.
 C = Inter-level travel time spent in this place.
 D = Time resting spent in this place.
 E = Time spent auto-exploring this place.
 F = Levels seen in this place.
 G = Mean time per level.
                   A        B        C        D        E       F      G
               +--------+--------+--------+--------+--------+-----+--------+
         Total |   2481 |   2481 |      0 |    275 |   1734 |   3 |  827.0 |
       Dungeon |   2481 |   2481 |      0 |    275 |   1734 |   3 |  827.0 |
               +--------+--------+--------+--------+--------+-----+--------+

Top non-repeatable levels by time:
     D:1: 1256 daAuts
     D:2: 763 daAuts
     D:3: 461 daAuts
